 Dungeon Crawl Stone Soup version 0.31-a0-1405-g2bb1a01664 (webtiles) character file.

Game seed: 4347968463998555419

153 RepHenryClay the Covered (level 5, 0/38 HPs)
             Began as a Formicid Hunter on Dec 25, 2023.
             Killed from afar by Natasha (7 damage)
             ... with a magic dart
             ... on level 3 of the Dungeon.
             The game lasted 00:08:01 (1666 turns).

RepHenryClay the Covered (Formicid Hunter)          Turns: 1666, Time: 00:08:01

Health: 0/38       AC:  4    Str: 21    XL:     5   Next: 61%
Magic:  5/5        EV: 12    Int: 12    God:
Gold:   79         SH:  0    Dex: 17    Spells: 4/4 levels left

rFire   . . .        a - +0 shortbow
rCold   . . .        (no shield)
rNeg    . . .        c - +0 leather armour
rPois   .            (helmet unavailable)
rElec   .            (no cloak)
rCorr   .            (no gloves)
SInv    +            q - +0 pair of boots of Ugisast {Str+4 Int+3}
Will    .....        n - amulet of faith
Stlth   +            (no ring)
HPRegen 0.26/turn    (no ring)
MPRegen 0.09/turn

%: faith
@: on fire, glowing
A: permanent stasis, dig shafts and tunnels, antennae 3, four strong arms
a: Dig, Shaft Self


You were on level 3 of the Dungeon.
You visited 1 branch of the dungeon, and saw 3 of its levels.

You collected 79 gold pieces.

Inventory:

Hand Weapons
 a - a +0 shortbow (weapon)
 s - a +0 club
Missiles
 m - 8 poisoned darts
Armour
 c - a +0 leather armour (worn)
 k - a +0 ring mail
 o - a +0 pair of boots
 q - the +0 pair of boots of Ugisast (worn) {Str+4 Int+3}
   (You found it on level 2 of the Dungeon)

   Str+4:     It affects your strength (+4).
   Int+3:     It affects your intelligence (+3).
 t - a +0 pair of gloves
Jewellery
 n - an amulet of faith (around neck)
Scrolls
 b - a scroll of butterflies
 d - a scroll of vulnerability {unknown}
 f - a scroll of torment {unknown}
 g - a scroll of amnesia {unknown}
 i - 2 scrolls of identify {unknown}
 j - a scroll of poison {unknown}
 r - a scroll of revelation {unknown}
Potions
 e - a potion of enlightenment {unknown}
 h - a potion of might {unknown}
 l - a potion of haste {unknown}
 p - a potion of curing {unknown}


   Skills:
 - Level 2.2 Fighting
 - Level 4.0 Ranged Weapons
 + Level 5.2 Armour
 - Level 1.8 Dodging
 - Level 1.4 Stealth


You had 4 spell levels left.
You didn't know any spells.
Your spell library contained the following spells:

 Spells                   Type           Power      Damage    Failure   Level
 Ensorcelled Hibernation  Hex/Ice        0%         N/A       50%         2
 Passwall                 Alch/Erth      0%         N/A       50%         2
 Swiftness                Air            Unusable   N/A       N/A         3

Dungeon Overview and Level Annotations

Branches:
Dungeon (3/15)

Altars:

Shops:
D:1 *

Annotations:
D:3 Natasha


Innate Abilities, Weirdness & Mutations

You cannot be hasted, slowed, berserked, paralysed or teleported.
You can dig through walls and to a lower floor.
You have a pair of large antennae on your head. (SInv)
Your four strong arms can wield two-handed weapons with a shield.


Message History

The bombardier beetle waves its antennae.
Damage: -5%(-2hp) hp: 82%(31hp)
You shoot an arrow.
The arrow barely misses the frilled lizard.
The liquid fire burns you!
The frilled lizard bites you but does no damage.
The bombardier beetle sprays incendiary fluid at you.
The burning spray hits you.
You are even more covered in liquid fire!
Damage: -10%(-4hp) hp: 72%(27hp)
You shoot an arrow. The arrow hits the frilled lizard!
You kill the frilled lizard!
The liquid fire burns you!
Damage: -6%(-2hp) hp: 66%(25hp)
You shoot an arrow. The arrow hits the bombardier beetle.
You kill the bombardier beetle!
The liquid fire burns you!
Your Armour skill increases to level 5!
Damage: -13%(-5hp) hp: 53%(20hp)
You are too injured to fight recklessly!
You are too injured to fight recklessly!
You shake off some of the fire as you move.
The liquid fire burns you!
Damage: -8%(-3hp) hp: 45%(17hp)
You shake off some of the fire as you move.
The liquid fire burns you!
* * * LOW HITPOINT WARNING * * *
Natasha, Servant of Life and Death comes into view.
Huge Dmg: -10%(-4hp) hp: 35%(13hp) Level annotation: Natasha Welcome back, RepHenryClay the Formicid Hunter.
Press ? for a list of commands and other information.
You shake off some of the fire as you move.
The liquid fire burns you!
* * * LOW HITPOINT WARNING * * *
Natasha hisses angrily.
Natasha stares at you and mumbles some strange words.
The magic dart hits you!
You die...
Natasha begins licking her fur clean.

#.#################...........#
#..# ############..# ...##
#####............## ....>.#
###..(..############ .#..#..#
##...##### . ..†...##..#### .
##...........#### .
#.)......h..<).#### .
#..#######....@...# . ..#
########.#.### #............#
..#######..†## ###).....# {
,#####..


You could see Natasha.

Vanquished Creatures
  A bombardier beetle (D:3)
  Robin (D:2)
  4 adders
  A gnoll (D:1)
  A worm (D:2)
  7 ball pythons
  4 bats
  7 endoplasms
  A giant cockroach (D:1)
  9 goblins
  6 hobgoblins
  3 jackals (D:2)
  2 quokkas (D:2)
  3 frilled lizards
  5 kobolds
  6 rats
61 creatures vanquished.

Notes
Turn   | Place    | Note
-------+----------+-------------------------------------------
     0 | D:1      | RepHenryClay the Formicid Hunter began the quest for the
                  | Orb.
     0 | D:1      | Reached XP level 1. HP: 16/16 MP: 1/1
    65 | D:1      | Reached skill level 1 in Armour
    65 | D:1      | Reached XP level 2. HP: 22/22 MP: 2/2
   114 | D:1      | Reached skill level 2 in Armour
   185 | D:1      | Reached XP level 3. HP: 27/27 MP: 3/3
   198 | D:1      | Found a faded altar of an unknown god.
   221 | D:1      | Found Fixt's Assorted Antiques.
   554 | D:2      | Reached skill level 3 in Armour
   657 | D:2      | Reached XP level 4. HP: 20/33 MP: 4/4
   867 | D:2      | Reached skill level 4 in Armour
  1158 | D:2      | Identified the +0 pair of boots of Ugisast {Str+4 Int+3}
  1508 | D:3      | Reached XP level 5. HP: 37/38 MP: 5/5
  1515 | D:3      | Noticed Robin
  1540 | D:2      | Killed Robin
  1664 | D:3      | Reached skill level 5 in Armour
  1665 | D:3      | Noticed Natasha
  1666 | D:3      | Killed from afar by Natasha

Illustrated notes

Levels and vault maps discovered:
D:1:      minmay_arrival_diagonal_passages, layout_rooms, serial_shops, shop,
          chequers_ecumenical_altar_simple
D:2:      layout_loops_ring
D:3:      layout_rooms, fedhas_altar_1, gammafunk_temple_overflow_statue,
          uniq_natasha, uniq_robin, uniq_grinder

Skill      XL: |  1  2  3  4  5 |
---------------+----------------+-----
Armour         | 1 2 3 4 5 |  5.2
Fighting       | |  2.2
Ranged Weapons | |  4.0
Dodging        | |  1.8
Stealth        | |  1.4

Action                     |  1- 3 |  4- 6 || total
---------------------------+-------+-------++-------
   Fire: Shortbow          |   103 |    92 ||   195
Ability: Dig               |     7 |       ||     7
 Armour: Leather armour    |    28 |    28 ||    56
  Dodge: Dodged            |    36 |    36 ||    72

Table legend: (Time is in decaauts)
 A = Elapsed time spent in this place.
 B = Non-inter-level travel time spent in this place.
 C = Inter-level travel time spent in this place.
 D = Time resting spent in this place.
 E = Time spent auto-exploring this place.
 F = Levels seen in this place.
 G = Mean time per level.
                   A        B        C        D        E       F      G
               +--------+--------+--------+--------+--------+-----+--------+
         Total |   1712 |   1531 |    181 |     16 |   1109 |   3 |  570.7 |
       Dungeon |   1712 |   1531 |    181 |     16 |   1109 |   3 |  570.7 |
               +--------+--------+--------+--------+--------+-----+--------+

Top non-repeatable levels by time:
     D:2: 937 daAuts
     D:1: 607 daAuts
     D:3: 168 daAuts
